 Dungeon Crawl Stone Soup version 0.26-a0-639-g72c4674329 (webtiles) character file.

Game seed: 9614191519025572802

5 Gargoyl the Skirmisher (level 1, 0/23 HPs)
             Began as a Gnoll Abyssal Knight on Sept 17, 2020.
             Was a Follower of Lugonu.
             Slain by a worldbinder (7 damage)
             ... on level 1 of the Abyss.
             The game lasted 00:00:20 (112 turns).

Gargoyl the Skirmisher (Gnoll Abyssal Knight)        Turns: 112, Time: 00:00:21

Health: 0/23       AC:  3    Str: 14      XL:     1   Next: 80%
Magic:  3/3        EV: 12    Int: 14      God:    Lugonu [*.....]
Gold:   28         SH:  0    Dex: 13 (14) Spells: 0/0 levels left

rFire    . . .     SeeInvis .   a - +1 hand axe
rCold    . . .     Faith    .   (no shield)
rNeg     . . .     Spirit   .   b - +0 leather armour
rPois    .         Reflect  .   (no helmet)
rElec    .         Harm     .   (no cloak)
rCorr    .         Rampage  .   (no gloves)
MR       .....                  (no boots)
Stlth    +.........             (no amulet)
HPRegen  0.07/turn              (no ring)
MPRegen  0.08/turn              (no ring)

@: no status effects
A: distributed training, fangs 1, strong nose
a: Depart the Abyss, Renounce Religion


You were on level 1 of the Abyss.
You worshipped Lugonu.
Lugonu was aware of your devotion.
You visited 0 branches of the dungeon, and saw 0 of its levels.
You visited the Abyss 1 time.

You collected 28 gold pieces.

Inventory:

Hand Weapons
 a - a +1 hand axe (weapon)
Armour
 b - a +0 leather armour (worn)


   Skills:
 + Level 6.4 Fighting
 + Level 0.1 Short Blades
 + Level 0.1 Long Blades
 + Level 4.4 Axes
 + Level 0.1 Maces & Flails
 + Level 0.1 Polearms
 + Level 0.1 Staves
 + Level 0.1 Slings
 + Level 0.1 Bows
 + Level 0.1 Crossbows
 + Level 0.1 Throwing
 + Level 4.4 Armour
 + Level 2.4 Dodging
 + Level 0.1 Stealth
 + Level 0.1 Shields
 + Level 0.1 Unarmed Combat
 + Level 0.1 Spellcasting
 + Level 0.1 Conjurations
 + Level 0.1 Hexes
 + Level 0.1 Summonings
 + Level 0.1 Necromancy
 + Level 0.1 Translocations
 + Level 0.1 Transmutations
 + Level 0.1 Fire Magic
 + Level 0.1 Ice Magic
 + Level 0.1 Air Magic
 + Level 0.1 Earth Magic
 + Level 0.1 Poison Magic
 + Level 4.4 Invocations
 + Level 0.1 Evocations


You couldn't memorise any spells.
You didn't know any spells.
Your spell library was empty.

Dungeon Overview and Level Annotations

Branches:
Dungeon (0/15)

Altars:


Innate Abilities, Weirdness & Mutations

Your experience applies equally to all skills.
You have very sharp teeth.
Your uncanny sense of smell can sniff out nearby items.


Message History

The worldbinder calls forth creatures from the Spider Nest!
The jumping spider barely misses you.
The jumping spider bites you but does no damage.
The jumping spider leaps!
The jumping spider pounces on you. The jumping spider misses you.
The jumping spider leaps! x2
The jumping spider leaps! x2; The worldbinder hits you. x2
The jumping spider disappears in a puff of smoke!
The worldbinder calls forth creatures from the Spider Nest!
The jumping spider disappears in a puff of smoke!
The jumping spider leaps!
A thrashing horror comes into view.
The quasit barely misses you. The quasit closely misses you.
The quasit claws you. The quasit bites you.
The quasit claws you but does no damage.
The quasit claws you.
You feel clumsy.
The thrashing horror roars!
The worldbinder closely misses you. The worldbinder hits you!
You die...

.. #.. ....
.##..##..##...##..
..................
...................
.................. ..
....... ..............
#...... #......# ......
#......##s.s...##......
...X...@x5s.......... .
......).X..............
.........X.X...........
.............§.........
.......................
................... ...
#......##......##..° ..
##......##......#
...... .
......................


You could see a thrashing horror, 3 large abominations, an orb spider
(summoned), a worldbinder, a jumping spider (summoned), a tarantella (summoned)
and a quasit.

Vanquished Creatures
  An ufetubus (Abyss:1)
1 creature vanquished.

Notes
Turn   | Place    | Note
-------+----------+-------------------------------------------
     0 | Abyss:1  | Gargoyl the Gnoll Abyssal Knight began the quest for the
                  | Orb.
     0 | Abyss:1  | Reached XP level 1. HP: 23/23 MP: 3/3
    60 | Abyss:1  | Noticed a ynoxinul
    83 | Abyss:1  | Noticed a large abomination
    96 | Abyss:1  | Noticed a quasit
    97 | Abyss:1  | Noticed a large abomination
    97 | Abyss:1  | Noticed a large abomination
   102 | Abyss:1  | Noticed a worldbinder
   103 | Abyss:1  | Noticed a jumping spider
   103 | Abyss:1  | Noticed a jumping spider
   103 | Abyss:1  | Noticed a jumping spider
   110 | Abyss:1  | Noticed a tarantella
   110 | Abyss:1  | Noticed an orb spider
   110 | Abyss:1  | Noticed a jumping spider
   111 | Abyss:1  | Noticed a thrashing horror
   112 | Abyss:1  | Slain by a worldbinder

Illustrated notes

Levels and vault maps discovered:
Abyss:1

Action                   || total
-------------------------++-------
Melee: Hand axe          ||     2
  Use: Scroll            ||     1
Armor: Leather armour    ||     4
Dodge: Dodged            ||     9

Table legend: (Time is in decaauts)
 A = Elapsed time spent in this place.
 B = Non-inter-level travel time spent in this place.
 C = Inter-level travel time spent in this place.
 D = Time resting spent in this place.
 E = Time spent auto-exploring this place.
 F = Levels seen in this place.
 G = Mean time per level.
                   A        B        C        D        E       F      G
               +--------+--------+--------+--------+--------+-----+--------+
         Total |    112 |    112 |      0 |      0 |     58 |   1 |  112.0 |
         Abyss |    112 |    112 |      0 |      0 |     58 |   1 |  112.0 |
               +--------+--------+--------+--------+--------+-----+--------+

Top non-repeatable levels by time:
 Abyss:1: 112 daAuts
